Map: Divergence LE

Players

Alexander - Winner!

  • Race: Zerg Zerg
  • League: Platinum
  • Spawn Location: 5:00

Bonzi - Winner!

  • Race: Protoss Protoss
  • League: Platinum
  • Spawn Location: 5:00

Massa

  • Race: Terran Terran
  • League: Gold
  • Spawn Location: 11:00

qqq

  • Race: Protoss Protoss
  • League: Platinum
  • Spawn Location: 11:00

VOD

Have the link to the VOD?

Description

Time

  • Played on: Aug. 12, 2020, 12:24 p.m.
  • Length: 12:29
Show
View Real Time Build Order
Export as new Build Order

Alexander Zerg - Winner!

Build Orders: Hatch First 

Get SALT Encoding   

  12  0:00  Drone  
  13  0:10  Drone  
  14  0:17  Overlord  
  14  0:44  Drone  
  14  0:48  Drone  
  14  0:49  Hatchery  
  15  0:52  Drone  
  16  0:57  Drone  
  17  1:07  Drone  
  17  1:11  Extractor  
  17  1:17  Drone  
  18  1:23  Spawning Pool  
  17  1:33  Drone  
  17  1:38  Drone  
  19  1:49  Drone  
  20  2:12  Drone x3  
  20  2:13  Queen x2  
  27  2:16  Overlord  
  27  2:32  Drone  
  27  2:35  Drone  
  27  2:36  Drone x2  
  31  2:43  Drone  
  32  2:46  Drone  
  33  2:53  Metabolic Boost, Lair  
  33  2:54  Drone  
  34  3:07  Drone x2  
  34  3:10  Hatchery  
  34  3:12  Drone  
  36  3:17  Overlord  
  36  3:18  Overlord  
  36  3:29  Spine Crawler  
  35  3:43  Queen  
  35  3:45  Zergling x2  
  35  3:46  Zergling x10  
  43  3:51  Zergling x2  
  43  3:53  Zergling x2  
  45  4:04  Zergling x4, Spire  
  45  4:05  Zergling x8  
  50  4:13  Zergling x2  
  50  4:14  Zergling x2  
  52  4:20  Overseer  
  52  4:26  Zergling x6  
  55  4:33  Drone x3  
  58  4:39  Overlord  
  58  4:44  Overlord x2  
  58  4:56  Queen  
  58  4:59  Baneling Nest  
  59  5:07  Zergling x2  
  59  5:08  Zergling x14  
  59  5:12  Overlord  
  67  5:19  Hatchery  
  66  5:25  Drone x2  
  66  5:26  Drone x4  
  72  5:28  Extractor  
  72  5:30  Extractor  
  72  5:31  Queen  
  72  5:37  Zergling x6  
  72  5:42  Drone x2  
  77  6:04  Drone x8  
  77  6:05  Drone  
  77  6:10  Drone  
  87  6:17  Drone x2  
  65  6:55  Drone x15  
  74  7:02  Extractor  
  73  7:12  Queen  
  75  7:27  Extractor  
  75  7:29  Extractor  
  73  7:48  Evolution Chamber x2  
  71  7:53  Evolution Chamber  
  71  7:56  Drone x3  
  73  8:05  Hatchery  
  73  8:10  Drone  
  73  8:17  Centrifical Hooks  
  73  8:19  Zerg Missile Weapons Level 1, Zerg Melee Weapons Level 1, Zerg Ground Armor Level 1  
  73  8:20  Zergling x12  
  73  8:21  Zergling x24  
  73  8:26  Overseer  
  91  8:27  Overlord x3  
  91  8:45  Queen x2, Overlord x3  
  95  8:51  Zergling x2  
  95  8:52  Zergling x10  
  101  8:59  Drone  
  101  9:00  Infestation Pit  
  101  9:04  Zergling x2  
  101  9:05  Zergling x12  
  101  9:08  Baneling  
  101  9:09  Baneling x28  
  108  9:10  Baneling x5, Zergling x2  
  108  9:11  Zergling x6  
  112  9:17  Roach Warren  
  112  9:20  Drone x2  
  112  9:21  Drone x7, Hydralisk Den  
  119  9:41  Zergling x2  
  119  9:42  Zergling x20  
  130  9:46  Pathogen Glands, Hive  
  130  9:50  Zergling x14  
  137  10:01  Zergling x10  
  137  10:02  Overlord  
  137  10:03  Overlord x3  
  142  10:10  Overlord x3  
  142  10:14  Extractor  
  142  10:15  Extractor  
  138  10:40  Zergling x20  
  138  10:41  Zergling x10  
  153  10:44  Overlord x2  
  153  10:48  Grooved Spines, Glial Reconstitution  
  153  11:00  Zergling x18  
  162  11:11  Baneling  
  162  11:12  Baneling x7  
  162  11:13  Baneling x2  
  144  11:26  Zergling x2  
  144  11:27  Zergling x38  
  142  11:39  Zergling x2  
  137  11:40  Zergling x10  
  137  11:45  Zergling x2  
  137  11:46  Zergling x2  
  141  11:54  Drone x5  
  126  12:16  Nydus Network  
  124  12:26  Ultralisk Cavern  
Show
View Real Time Build Order
Export as new Build Order

Bonzi Protoss - Winner!

Build Orders: 1 Gate Expand 

Get SALT Encoding   

  12  0:00  Probe  
  13  0:12  Probe  
  14  0:24  Pylon  
  14  0:26  Probe  
  15  0:42  Probe (Chrono Boost)  
  16  0:43  Gateway  
  16  0:52  Assimilator  
  16  0:53  Probe (Chrono Boost)  
  17  1:01  Probe (Chrono Boost)  
  18  1:13  Probe  
  19  1:29  Gateway  
  19  1:34  Probe  
  19  1:36  Nexus  
  20  1:45  Assimilator  
  20  1:46  Probe  
  21  1:51  Pylon  
  21  1:55  Zealot (Chrono Boost)  
  23  2:09  Probe  
  24  2:16  Zealot (Chrono Boost)  
  24  2:18  Zealot (Chrono Boost)  
  24  2:21  Probe  
  29  2:24  Pylon  
  29  2:33  Probe  
  29  2:37  Cybernetics Core  
  30  3:00  Probe (Chrono Boost)  
  30  3:01  Assimilator  
  31  3:11  Probe (Chrono Boost)  
  32  3:14  Warp Gate  
  32  3:16  Stalker x2 (Chrono Boost)  
  36  3:33  Probe x2  
  38  3:38  Stalker x2  
  42  3:45  Probe  
  42  3:51  Assimilator  
  42  3:55  Pylon  
  42  3:57  Shield Battery  
  42  3:58  Probe (Chrono Boost)  
  44  4:10  Probe (Chrono Boost)  
  44  4:13  Probe (Chrono Boost)  
  45  4:19  Probe (Chrono Boost)  
  45  4:22  Probe (Chrono Boost)  
  45  4:23  Stalker (Chrono Boost)  
  47  4:24  Probe  
  52  4:32  Probe  
  52  4:36  Probe  
  52  4:40  Pylon  
  52  4:44  Probe  
  53  4:48  Probe  
  55  5:00  Probe x2 (Chrono Boost)  
  56  5:08  Stalker x2  
  56  5:10  Probe (Chrono Boost)  
  61  5:15  Probe (Chrono Boost)  
  62  5:23  Gateway  
  62  5:25  Forge  
  62  5:27  Probe  
  63  5:36  Stalker x2  
  63  5:39  Probe  
  64  6:04  Probe (Chrono Boost)  
  64  6:07  Robotics Facility  
  65  6:13  Pylon  
  65  6:14  Stalker x2  
  65  6:15  Gateway  
  65  6:17  Probe (Chrono Boost)  
  65  6:18  Pylon  
  70  6:19  Probe (Chrono Boost)  
  70  6:30  Probe  
  49  7:16  Stalker  
  49  7:17  Stalker x3  
  49  7:18  Probe  
  56  7:22  Stargate  
  56  7:25  Pylon  
  56  7:28  Gateway  
  56  7:30  Gateway  
  56  7:36  Pylon  
  56  7:44  Stalker x3  
  56  7:45  Stalker  
  56  7:47  Probe, Immortal  
  69  7:52  Probe  
  69  7:58  Protoss Ground Weapons Level 1 (Chrono Boost)  
  70  7:59  Probe  
  71  8:07  Void Ray  
  75  8:20  Forge  
  75  8:24  Forge  
  75  8:27  Nexus  
  75  8:28  Pylon  
  75  8:31  Assimilator, Stalker x4  
  75  8:32  Sentry  
  85  8:40  Probe, Robotics Bay  
  86  8:57  Pylon  
  86  9:02  Void Ray  
  90  9:05  Protoss Ground Armor Level 1 (Chrono Boost)  
  90  9:06  Protoss Shields Level 1 (Chrono Boost)  
  90  9:15  Twilight Council  
  90  9:22  Stargate  
  90  9:24  Probe  
  91  9:25  Pylon  
  91  9:26  Colossus (Chrono Boost), Sentry, Stalker x5  
  81  9:31  Extended Thermal Lance (Chrono Boost)  
  109  9:36  Probe  
  110  9:48  Probe  
  110  10:03  Stalker x6  
  122  10:10  Blink  
  122  10:13  Observer, Phoenix  
  124  10:20  Probe (Chrono Boost)  
  122  10:30  Probe (Chrono Boost)  
  122  10:32  Probe (Chrono Boost)  
  122  10:35  Probe (Chrono Boost)  
  123  10:38  Assimilator  
  123  10:39  Probe  
  123  10:40  Void Ray  
  125  10:46  Probe  
  126  10:50  Colossus (Chrono Boost)  
  136  10:58  Probe  
  137  11:04  Probe  
  137  11:10  Probe, Pylon  
  139  11:17  Probe  
  140  11:22  Probe  
  141  11:27  Void Ray  
  117  11:51  Probe  
  118  11:58  Nexus  
  118  11:59  Pylon  
  116  12:02  Pylon  
  116  12:03  Probe, Assimilator  
Show
View Real Time Build Order
Export as new Build Order

Massa Terran 

Build Orders: 2 Factory, Mech 

Get SALT Encoding   

  12  0:01  SCV  
  13  0:13  SCV  
  14  0:19  Supply Depot  
  14  0:25  SCV  
  15  0:31  Refinery  
  15  0:40  SCV  
  16  0:47  Barracks  
  16  0:55  SCV  
  17  1:07  SCV  
  18  1:19  SCV  
  19  1:38  Supply Depot  
  19  1:39  Reaper  
  20  1:42  Orbital Command  
  20  1:51  Barracks  
  20  2:11  Reaper  
  21  2:23  Factory  
  21  2:38  SCV  
  21  2:43  Barracks Tech Lab, Factory  
  22  2:48  Command Center  
  22  2:50  SCV  
  22  3:07  Marine  
  23  3:25  Marine  
  24  3:43  Marine  
  25  4:01  Marine  
  25  4:15  Marauder  
  27  4:18  Factory Tech Lab, Marine  
  27  4:25  Stimpack  
  27  4:31  Factory  
  27  4:36  Marine  
  27  4:37  Marauder  
  30  4:40  SCV  
  30  4:45  Refinery  
  31  4:48  Engineering Bay  
  31  4:52  SCV  
  32  4:55  Widow Mine  
  32  4:58  Marauder  
  36  5:01  Barracks Tech Lab  
  36  5:04  SCV  
  37  5:16  SCV  
  37  5:17  Widow Mine, Orbital Command  
  37  5:20  Marauder  
  42  5:28  SCV  
  43  5:38  Siege Tank  
  46  5:48  Supply Depot  
  46  5:51  Supply Depot  
  46  5:55  Refinery  
  46  6:10  SCV, Marauder x2  
  51  6:15  Supply Depot  
  49  6:31  Marauder  
  49  6:32  Marauder  
  48  6:53  Marauder x2  
  40  7:14  Marauder, Marine  
  43  7:19  SCV x2  
  45  7:26  Bunker  
  45  7:31  SCV x2  
  45  7:32  Marauder  
  45  7:36  Marauder  
  51  7:38  Terran Infantry Weapons Level 1  
  51  7:41  Engineering Bay  
  51  7:43  SCV  
  51  7:44  SCV  
  53  7:45  Armory  
  53  7:50  Barracks  
  53  7:51  Factory Reactor, Infernal Pre-Igniter  
  53  7:52  Barracks  
  53  7:53  Marauder, Concussive Shells  
  53  7:55  Combat Shield  
  53  7:57  Marauder  
  57  8:14  Marine  
  57  8:18  Marine  
  59  8:21  SCV x2  
  61  8:29  Siege Tank  
  61  8:32  Hellion x2, Marine  
  61  8:33  SCV  
  70  8:41  Supply Depot  
  70  8:44  Starport  
  70  8:45  Barracks Reactor  
  70  8:46  Barracks Tech Lab  
  70  9:02  SCV, Hellion, Marauder, Siege Tank  
  78  9:04  Supply Depot  
  78  9:12  Command Center  
  78  9:13  Missile Turret  
  78  9:16  Missile Turret  
  78  9:25  Marine x2  
  78  9:26  SCV x2, Hellion x2  
  78  9:29  Supply Depot  
  78  9:31  Supply Depot  
  86  9:35  Supply Depot  
  86  9:38  Terran Infantry Armor Level 1  
  86  9:39  Supply Depot  
  86  9:50  SCV, Marine x2  
  86  9:51  Marauder x2  
  86  9:52  Marauder, Supply Depot  
  95  10:08  SCV x2  
  95  10:12  Marauder  
  99  10:16  Supply Depot  
  99  10:20  SCV x2  
  97  10:32  SCV  
  97  10:33  SCV, Siege Tank  
  97  10:34  Hellion x2  
  104  10:44  Medivac  
  104  10:45  SCV x2  
  108  10:55  Hellion  
  108  10:56  Hellion  
  112  11:05  Siege Tank  
  115  11:14  Medivac  
  97  11:36  Marauder x3, Marine  
  97  11:37  Marine  
  74  11:42  Thor  
  68  11:50  Orbital Command  
  65  11:54  Marine  
  65  11:55  Marine  
  65  11:58  Marauder x3  
  71  12:27  Bunker  
Show
View Real Time Build Order
Export as new Build Order

qqq Protoss 

Build Orders:  

Get SALT Encoding   

  12  0:01  Probe  
  13  0:13  Probe  
  14  0:20  Assimilator  
  14  0:25  Probe  
  15  0:33  Pylon  
  15  0:51  Probe  
  16  1:02  Gateway  
  16  1:03  Probe  
  17  1:15  Probe  
  18  1:27  Probe  
  18  1:32  Nexus  
  19  1:39  Probe  
  20  1:51  Probe  
  20  1:52  Zealot  
  23  2:01  Cybernetics Core  
  23  2:18  Gateway  
  23  2:24  Pylon  
  23  2:32  Pylon  
  23  2:42  Probe  
  23  2:43  Twilight Council  
  24  2:45  Probe  
  25  2:54  Probe  
  25  2:57  Probe  
  27  2:59  Pylon  
  27  3:01  Zealot  
  29  3:06  Probe  
  29  3:09  Probe  
  29  3:10  Zealot (Chrono Boost)  
  33  3:18  Probe  
  34  3:21  Probe  
  34  3:27  Zealot (Chrono Boost)  
  35  3:30  Probe, Charge (Chrono Boost)  
  35  3:33  Probe  
  35  3:34  Zealot (Chrono Boost)  
  41  3:41  Adept (Chrono Boost)  
  41  3:44  Adept  
  41  3:46  Probe x2  
  47  3:59  Probe x2  
  49  4:05  Zealot  
  51  4:11  Probe  
  51  4:13  Zealot  
  54  4:26  Nexus  
  54  4:32  Zealot (Chrono Boost)  
  54  4:34  Gateway  
  56  4:38  Gateway  
  58  4:46  Zealot (Chrono Boost)  
  58  4:56  Adept (Chrono Boost)  
  60  5:09  Zealot (Chrono Boost)  
  60  5:10  Templar Archives  
  60  5:12  Dark Shrine  
  62  5:17  Pylon  
  62  5:20  Pylon  
  62  5:21  Pylon  
  62  5:22  Pylon  
  62  5:28  Forge  
  62  5:31  Pylon  
  62  5:35  Zealot x4  
  70  5:48  Probe  
  71  6:00  Probe  
  71  6:02  Zealot x3, Adept  
  80  6:12  Probe  
  81  6:24  Probe  
  82  6:29  High Templar, Zealot x2  
  82  6:32  Zealot  
  84  6:36  Probe  
  65  6:49  Probe  
  58  6:56  Zealot x2  
  58  6:59  Zealot  
  58  7:08  Zealot  
  58  7:11  Probe  
  59  7:23  Probe, Zealot, Dark Templar  
  59  7:24  Probe  
  59  7:25  Assimilator  
  59  7:26  Zealot  
  59  7:27  Assimilator  
  67  7:31  Assimilator  
  67  7:34  Gateway  
  67  7:35  Probe  
  67  7:36  Probe, Gateway  
  71  7:38  Gateway  
  71  7:39  Robotics Facility  
  71  7:47  Probe  
  71  7:48  Probe  
  71  7:49  Stalker  
  71  7:50  Zealot  
  75  7:53  Zealot  
  77  7:59  Probe  
  77  8:00  Probe  
  77  8:02  Zealot  
  81  8:12  Probe  
  82  8:16  Probe  
  82  8:17  Zealot  
  82  8:19  Zealot  
  87  8:20  Photon Cannon, Zealot  
  87  8:23  Photon Cannon  
  87  8:24  Probe, Photon Cannon, Zealot x2  
  94  8:28  Probe, Observer  
  94  8:29  Zealot  
  98  8:36  Probe  
  98  8:38  Stargate, Zealot  
  98  8:40  Probe  
  102  8:44  Zealot  
  102  8:46  Zealot  
  102  8:47  Zealot  
  108  8:48  Stargate  
  108  8:52  Probe  
  109  8:55  Pylon  
  109  8:58  Pylon  
  109  9:00  Pylon  
  109  9:08  Nexus  
  109  9:12  Pylon  
  109  9:13  Probe, Zealot, Immortal  
  109  9:14  Pylon  
  109  9:16  Zealot x4  
  124  9:18  Zealot x2  
  128  9:25  Probe  
  128  9:29  Phoenix  
  131  9:38  Probe, Fleet Beacon  
  132  9:40  Zealot  
  132  9:45  Photon Cannon  
  134  9:47  Photon Cannon  
  134  9:50  Photon Cannon  
  134  9:51  Shield Battery  
  134  9:53  Photon Cannon  
  134  9:54  Phoenix, Pylon  
  134  9:57  Pylon  
  136  10:00  Photon Cannon  
  136  10:02  Photon Cannon  
  136  10:04  Photon Cannon  
  136  10:06  Phoenix, Shield Battery  
  138  10:10  Dark Templar  
  138  10:11  Zealot  
  142  10:19  Phoenix  
  142  10:21  Probe  
  145  10:24  Probe  
  146  10:31  Phoenix  
  146  10:33  Probe  
  149  10:36  Probe  
  149  10:37  Anion Pulse-Crystals  
  150  10:45  Probe, Carrier  
  150  10:48  Probe  
  158  10:51  Assimilator  
  158  10:53  Assimilator  
  158  10:55  Assimilator  
  158  10:57  Probe  
  158  10:58  Assimilator  
  158  11:00  Probe  
  160  11:09  Probe  
  160  11:10  Carrier  
  167  11:11  Zealot x3  
  167  11:12  Probe, Zealot  
  174  11:21  Probe  
  174  11:25  Probe  
  98  11:33  Probe  
  98  11:37  Probe  
  98  11:39  Zealot x7  
  88  12:02  Probe  
  85  12:15  Probe  
  90  12:20  Stargate  
Tags
 
Add a new tag
Caveats
  • Supply blocks, unpowered buildings, or Contaminate may cause inaccurate times.
  • Supply counts are checked every 10 seconds.